TOP OF THE 1ST |
Blueville 83's batting - Pitching for Indiana Hounds : LHP Darren Blackwell
|
Pitching: LHP Darren Blackwell
|
|
Batting: SHB Caden Keith
|
0-0: Fly out, F8 (Flyball, 8RM)
|
Batting: RHB Matt Perkins
|
0-0: Ball 1-0: Foul Ball, location: 2F 1-1: Fly out, F8 (Flyball, 8RS)
|
Batting: RHB Gernot Renner
|
0-0: Foul Ball, location: 2F 0-1: Foul Ball, location: 2F 0-2: Ball 1-2: Foul Ball, location: 2F 1-2: Ball 2-2: SINGLE (Groundball, 56D)
|
Batting: LHB António Glaviz
|
0-0: Foul Ball, location: 2F 0-1: Called Strike 0-2: Ball 1-2: Ball 2-2: Foul Ball, location: 2F 2-2: Ball 3-2: DOUBLE (Flyball, 78D) Gernot Renner to third Gernot Renner scores
|
Batting: LHB Roberto Sandoval
|
0-0: Foul Ball, location: 2F 0-1: Ball 1-1: Ball 2-1: DOUBLE (Line Drive, 89M) António Glaviz scores
|
Batting: RHB Pat Haynes
|
0-0: Foul Ball, location: 2F 0-1: Ball 1-1: Ball 2-1: Foul Ball, location: 2F 2-2: Ground out 4-3 (Groundball, 4)
|
Top of the 1st over - 2 run(s), 3 hit(s), 0 error(s), 1 left on base; Blueville 2 - Indiana 0 |
BOTTOM OF THE 1ST |
Indiana Hounds batting - Pitching for Blueville 83's : LHP Fernando Reyes
|
Pitching: LHP Fernando Reyes
|
|
Batting: RHB Juan Brito
|
0-0: Ball 1-0: Ball 2-0: Swinging Strike 2-1: Foul Ball, location: 2F 2-2: Ball 3-2: Strikes out swinging
|
Batting: RHB Carlos Moya
|
0-0: Ball 1-0: Ball 2-0: Ball 3-0: Called Strike 3-1: Base on Balls
|
Batting: RHB R.J. Parker
|
0-0: Ball 1-0: Ball 2-0: Ball 3-0: Called Strike 3-1: Base on Balls Carlos Moya to second
|
Batting: RHB Vicente Valentín
|
0-0: Ball 1-0: Ball 2-0: Ball 3-0: Called Strike 3-1: Grounds into double play, 5-4-3 (Groundball, 56)
|
Bottom of the 1st over - 0 run(s), 0 hit(s), 0 error(s), 1 left on base; Blueville 2 - Indiana 0 |
TOP OF THE 2ND |
Blueville 83's batting - Pitching for Indiana Hounds : LHP Darren Blackwell
|
Batting: LHB Vincente Sáenz
|
0-0: Ground out 4-3 (Groundball, 4)
|
Batting: LHB Ron Robinson
|
0-0: Swinging Strike 0-1: SINGLE (Line Drive, 56D)
|
Batting: LHB Jacob Wright
|
0-0: Fly out, F9 (Flyball, 89M)
|
Batting: SHB Caden Keith
|
0-0: Ball 1-0: Ball 2-0: Ball 3-0: Base on Balls Ron Robinson to second
|
Batting: RHB Matt Perkins
|
0-0: Ball 1-0: Called Strike 1-1: Called Strike 1-2: Ball 2-2: Ball 3-2: SINGLE (Line Drive, 34) Ron Robinson to third Caden Keith to second Ron Robinson scores Caden Keith to third
|
Batting: RHB Gernot Renner
|
0-0: Ball 1-0: Called Strike 1-1: Ball 2-1: Foul Ball, location: 2F 2-2: Ball 3-2: Base on Balls Matt Perkins to second
|
Batting: LHB António Glaviz
|
0-0: Called Strike 0-1: Foul Ball, location: 2F 0-2: Foul Ball, location: 2F 0-2: Ball 1-2: Strikes out swinging
|
Top of the 2nd over - 1 run(s), 2 hit(s), 0 error(s), 3 left on base; Blueville 3 - Indiana 0 |
BOTTOM OF THE 2ND |
Indiana Hounds batting - Pitching for Blueville 83's : LHP Fernando Reyes
|
Batting: RHB Danny Walker
|
0-0: Ball 1-0: Ground out 4-3 (Groundball, 4MS)
|
Batting: LHB Junior Coates
|
0-0: Ball 1-0: Ball 2-0: Ball 3-0: Base on Balls
|
Batting: RHB Jeff Jones
|
0-0: Ball 1-0: Ball 2-0: Ball 3-0: Base on Balls Junior Coates to second
|
Batting: LHB Pepe Vázquez
|
0-0: Foul Ball, location: 2F 0-1: Ball 1-1: Foul Ball, location: 2F 1-2: Fly out, F9 (Flyball, 9S)
|
Batting: RHB Octávio Marín
|
0-0: Called Strike 0-1: Swinging Strike 0-2: Strikes out swinging
|
Bottom of the 2nd over - 0 run(s), 0 hit(s), 0 error(s), 2 left on base; Blueville 3 - Indiana 0 |
TOP OF THE 3RD |
Blueville 83's batting - Pitching for Indiana Hounds : LHP Darren Blackwell
|
Batting: LHB Roberto Sandoval
|
0-0: Foul Ball, location: 2F 0-1: Foul Ball, location: 2F 0-2: Ball 1-2: Ball 2-2: Ball 3-2: Fly out, F8 (Flyball, 8RM)
|
Batting: RHB Pat Haynes
|
0-0: DOUBLE (Line Drive, 7LM)
|
Batting: LHB Vincente Sáenz
|
0-0: Ball 1-0: Foul Ball, location: 2F 1-1: Swinging Strike 1-2: Ball 2-2: Foul Ball, location: 2F 2-2: SINGLE (Popup, 34D) Pat Haynes to third
|
Batting: LHB Ron Robinson
|
0-0: SINGLE (Groundball, 6D) Pat Haynes scores Vincente Sáenz to second
|
Batting: LHB Jacob Wright
|
0-0: Ball 1-0: Grounds into double play, 4-6-3 (Groundball, 34)
|
Top of the 3rd over - 1 run(s), 3 hit(s), 0 error(s), 1 left on base; Blueville 4 - Indiana 0 |
BOTTOM OF THE 3RD |
Indiana Hounds batting - Pitching for Blueville 83's : LHP Fernando Reyes
|
Batting: RHB Juan Brito
|
0-0: Ball 1-0: Foul Ball, location: 2F 1-1: Foul Ball, location: 2F 1-2: Foul Ball, location: 2F 1-2: Ball 2-2: Foul Ball, location: 2F 2-2: Strikes out swinging
|
Batting: RHB Carlos Moya
|
0-0: Foul Ball, location: 2F 0-1: Called Strike 0-2: Strikes out swinging
|
Batting: RHB R.J. Parker
|
0-0: Ball 1-0: Ball 2-0: Ball 3-0: Hit by Pitch
|
Batting: RHB Vicente Valentín
|
0-0: Ball 1-0: Ball 2-0: Ball 3-0: Base on Balls R.J. Parker to second
|
Batting: RHB Danny Walker
|
0-0: Ball 1-0: TRIPLE (Flyball, 78XD) R.J. Parker scores Vicente Valentín scores
|
Batting: LHB Junior Coates
|
0-0: Ball 1-0: Called Strike 1-1: Foul Ball, location: 2F 1-2: Ball 2-2: Foul Ball, location: 2F 2-2: SINGLE (Groundball, 56D) Danny Walker scores
|
Batting: RHB Jeff Jones
|
0-0: Swinging Strike 0-1: Ball 1-1: Called Strike 1-2: Ball 2-2: Foul Ball, location: 2F 2-2: Ball 3-2: Foul Ball, location: 2F 3-2: Foul Ball, location: 2F 3-2: SINGLE (Groundball, 6D) Junior Coates to second Junior Coates to third
|
Batting: LHB Pepe Vázquez
|
0-0: Foul Ball, location: 2F 0-1: Called Strike 0-2: Ball 1-2: Ball 2-2: Ball 3-2: Fly out, F8 (Flyball, 89M)
|
Bottom of the 3rd over - 3 run(s), 3 hit(s), 0 error(s), 2 left on base; Blueville 4 - Indiana 3 |
TOP OF THE 4TH |
Blueville 83's batting - Pitching for Indiana Hounds : LHP Darren Blackwell
|
Batting: SHB Caden Keith
|
0-0: Called Strike 0-1: Ball 1-1: Ground out U3 (Groundball, 3)
|
Batting: RHB Matt Perkins
|
0-0: Foul Ball, location: 2F 0-1: Fly out, F8 (Flyball, 8RD)
|
Batting: RHB Gernot Renner
|
0-0: Ball 1-0: Ball 2-0: Foul Ball, location: 2F 2-1: Foul Ball, location: 2F 2-2: DOUBLE (Line Drive, 7D)
|
Batting: LHB António Glaviz
|
0-0: SINGLE (Flyball, 7LS) Gernot Renner to third
|
Batting: LHB Roberto Sandoval
|
0-0: Ball 1-0: Called Strike 1-1: Foul Ball, location: 2F 1-2: Ball 2-2: Foul Ball, location: 2F 2-2: Ball 3-2: DOUBLE (Line Drive, 9LD) Gernot Renner scores António Glaviz to third António Glaviz scores
|
Batting: RHB Pat Haynes
|
0-0: Ball 1-0: Ball 2-0: Ground out 5-3 (Groundball, 5S)
|
Top of the 4th over - 2 run(s), 3 hit(s), 0 error(s), 1 left on base; Blueville 6 - Indiana 3 |
BOTTOM OF THE 4TH |
Indiana Hounds batting - Pitching for Blueville 83's : LHP Fernando Reyes
|
Batting: RHB Octávio Marín
|
0-0: Ball 1-0: Called Strike 1-1: DOUBLE (Line Drive, 9LM)
|
Batting: RHB Juan Brito
|
0-0: Swinging Strike 0-1: Ball 1-1: Foul Ball, location: 2F 1-2: Ball 2-2: Fly out, F3 (Flyball, 3D)
|
Batting: RHB Carlos Moya
|
0-0: Ball 1-0: Ball 2-0: Called Strike 2-1: Called Strike 2-2: Foul Ball, location: 2F 2-2: Fly out, F9 (Flyball, 9LSF)
|
Batting: RHB R.J. Parker
|
0-0: Ball 1-0: Called Strike 1-1: Fly out, F3 (Popup, 34)
|
Bottom of the 4th over - 0 run(s), 1 hit(s), 0 error(s), 1 left on base; Blueville 6 - Indiana 3 |
TOP OF THE 5TH |
Blueville 83's batting - Pitching for Indiana Hounds : LHP Darren Blackwell
|
Pitching: RHP Rob Fields
|
|
Batting: LHB Vincente Sáenz
|
0-0: Called Strike 0-1: Called Strike 0-2: Ball 1-2: Ball 2-2: Fly out, F7 (Flyball, 7S)
|
Batting: LHB Ron Robinson
|
0-0: Ball 1-0: Ball 2-0: Ball 3-0: Called Strike 3-1: DOUBLE (Line Drive, 89XD)
|
Batting: LHB Jacob Wright
|
0-0: Called Strike 0-1: Foul Ball, location: 2F 0-2: Foul Ball, location: 2F 0-2: Ball 1-2: Foul Ball, location: 2F 1-2: Ball 2-2: Foul Ball, location: 2F 2-2: Ball 3-2: Ground out 6-3 (Groundball, 6) Ron Robinson to third
|
Batting: SHB Caden Keith
|
0-0: Ball 1-0: Ball 2-0: Foul Ball, location: 2F 2-1: SINGLE (Groundball, 56S) (infield hit) Ron Robinson scores
|
Batting: RHB Matt Perkins
|
0-0: Foul Ball, location: 2F 0-1: Fly out, F8 (Flyball, 8LM)
|
Top of the 5th over - 1 run(s), 2 hit(s), 0 error(s), 1 left on base; Blueville 7 - Indiana 3 |
BOTTOM OF THE 5TH |
Indiana Hounds batting - Pitching for Blueville 83's : LHP Fernando Reyes
|
Pitching: RHP José Becerra
|
|
Batting: RHB Vicente Valentín
|
0-0: Called Strike 0-1: Ball 1-1: Ball 2-1: Ball 3-1: DOUBLE (Groundball, 3L)
|
Batting: RHB Danny Walker
|
0-0: Foul Ball, location: 2F 0-1: Foul Ball, location: 2F 0-2: Foul Ball, location: 2F 0-2: Strikes out looking
|
Batting: LHB Junior Coates
|
0-0: Called Strike 0-1: Swinging Strike 0-2: Foul Ball, location: 2F 0-2: Ball 1-2: Ball 2-2: Strikes out looking
|
Batting: RHB Jeff Jones
|
0-0: Called Strike 0-1: Called Strike 0-2: Fly out, F8 (Flyball, 8RD)
|
Bottom of the 5th over - 0 run(s), 1 hit(s), 0 error(s), 1 left on base; Blueville 7 - Indiana 3 |
TOP OF THE 6TH |
Blueville 83's batting - Pitching for Indiana Hounds : RHP Rob Fields
|
Batting: RHB Gernot Renner
|
0-0: Ball 1-0: Foul Ball, location: 2F 1-1: Ball 2-1: Ball 3-1: Base on Balls
|
Batting: LHB António Glaviz
|
0-0: Ball 1-0: Foul Ball, location: 2F 1-1: Called Strike 1-2: Ball 2-2: Foul Ball, location: 2F 2-2: Fielders Choice at 2nd, 3-6 (Groundball, 34)
|
Batting: LHB Roberto Sandoval
|
0-0: Foul Ball, location: 2F 0-1: Foul Ball, location: 2F 0-2: Foul Ball, location: 2F 0-2: Fly out, F8 (Flyball, 8RM)
|
Batting: RHB Pat Haynes
|
0-0: Called Strike 0-1: Foul Ball, location: 2F 0-2: Foul Ball, location: 2F 0-2: Ball 1-2: Ball 2-2: Ground out U3 (Groundball, 3L)
|
Top of the 6th over - 0 run(s), 0 hit(s), 0 error(s), 1 left on base; Blueville 7 - Indiana 3 |
BOTTOM OF THE 6TH |
Indiana Hounds batting - Pitching for Blueville 83's : RHP José Becerra
|
Batting: LHB Pepe Vázquez
|
0-0: Swinging Strike 0-1: Foul Ball, location: 2F 0-2: Ball 1-2: Strikes out looking
|
Batting: RHB Octávio Marín
|
0-0: Called Strike 0-1: Ball 1-1: Called Strike 1-2: Ball 2-2: Ball 3-2: Foul Ball, location: 2F 3-2: Base on Balls
|
Batting: RHB Juan Brito
|
0-0: Called Strike 0-1: Ball 1-1: Foul Ball, location: 2F 1-2: Strikes out looking Octávio Marín steals 2nd base Batter strikes out.
|
Batting: RHB Carlos Moya
|
0-0: Swinging Strike 0-1: Ground out 6-3 (Groundball, 6)
|
Bottom of the 6th over - 0 run(s), 0 hit(s), 0 error(s), 1 left on base; Blueville 7 - Indiana 3 |
TOP OF THE 7TH |
Blueville 83's batting - Pitching for Indiana Hounds : RHP Rob Fields
|
Batting: LHB Vincente Sáenz
|
0-0: Foul Ball, location: 2F 0-1: Foul Ball, location: 2F 0-2: Ball 1-2: Ball 2-2: Strikes out looking
|
Batting: LHB Ron Robinson
|
0-0: Swinging Strike 0-1: Ball 1-1: Foul Ball, location: 2F 1-2: Foul Ball, location: 2F 1-2: Foul Ball, location: 2F 1-2: Foul Ball, location: 2F 1-2: Ground out 4-3 (Groundball, 4)
|
Batting: LHB Jacob Wright
|
0-0: Ball 1-0: Ball 2-0: Called Strike 2-1: Foul Ball, location: 2F 2-2: Strikes out swinging
|
Top of the 7th over - 0 run(s), 0 hit(s), 0 error(s), 0 left on base; Blueville 7 - Indiana 3 |
BOTTOM OF THE 7TH |
Indiana Hounds batting - Pitching for Blueville 83's : RHP José Becerra
|
Batting: RHB R.J. Parker
|
0-0: Ball 1-0: Ball 2-0: Ball 3-0: Base on Balls
|
Batting: RHB Vicente Valentín
|
0-0: Ball 1-0: Called Strike 1-1: Ball 2-1: Swinging Strike 2-2: Foul Ball, location: 2F 2-2: Fly out, F8 (Line Drive, 8RS)
|
Batting: RHB Danny Walker
|
0-0: Ground out 5-3 (Groundball, 56S) R.J. Parker to second
|
Batting: LHB Junior Coates
|
0-0: Foul Ball, location: 2F 0-1: Called Strike 0-2: Foul Ball, location: 2F 0-2: SINGLE (Line Drive, 56D) R.J. Parker to third Runner from 3rd tries for Home, SAFE, no throw
|
Batting: RHB Jeff Jones
|
0-0: Foul Ball, location: 2F 0-1: Ball 1-1: Called Strike 1-2: Ball 2-2: Strikes out swinging
|
Bottom of the 7th over - 1 run(s), 1 hit(s), 0 error(s), 1 left on base; Blueville 7 - Indiana 4 |
TOP OF THE 8TH |
Blueville 83's batting - Pitching for Indiana Hounds : RHP Rob Fields
|
Pitching: RHP Teddy Mathews
|
|
Batting: SHB Caden Keith
|
0-0: Foul Ball, location: 2F 0-1: Called Strike 0-2: Ball 1-2: Strikes out swinging
|
Batting: RHB Matt Perkins
|
0-0: Ball 1-0: Ball 2-0: DOUBLE (Flyball, 78D)
|
Batting: RHB Gernot Renner
|
0-0: Ground out 6-3 (Groundball, 56)
|
Batting: LHB António Glaviz
|
0-0: Ball 1-0: Called Strike 1-1: Foul Ball, location: 2F 1-2: Ball 2-2: Ball 3-2: Strikes out looking
|
Top of the 8th over - 0 run(s), 1 hit(s), 0 error(s), 1 left on base; Blueville 7 - Indiana 4 |
BOTTOM OF THE 8TH |
Indiana Hounds batting - Pitching for Blueville 83's : RHP José Becerra
|
Pitching: LHP Salvador Castro
|
|
Batting: LHB Pepe Vázquez
|
0-0: Called Strike 0-1: Called Strike 0-2: Strikes out swinging
|
Batting: RHB Octávio Marín
|
0-0: Called Strike 0-1: Called Strike 0-2: Ball 1-2: Ball 2-2: Fly out, F9 (Flyball, 89S)
|
Batting: RHB Juan Brito
|
0-0: Foul Ball, location: 2F 0-1: Ball 1-1: Ball 2-1: Called Strike 2-2: Ball 3-2: Base on Balls
|
Pitching: RHP Eric Richards
|
|
Batting: RHB Carlos Moya
|
0-0: Called Strike 0-1: Foul Ball, location: 2F 0-2: Ball 1-2: Foul Ball, location: 2F 1-2: Ball 2-2: Strikes out swinging
|
Bottom of the 8th over - 0 run(s), 0 hit(s), 0 error(s), 1 left on base; Blueville 7 - Indiana 4 |
TOP OF THE 9TH |
Blueville 83's batting - Pitching for Indiana Hounds : RHP Teddy Mathews
|
Batting: LHB Roberto Sandoval
|
0-0: Ball 1-0: SINGLE (Flyball, 4MD)
|
Batting: RHB Pat Haynes
|
0-0: Sac Bunt - play at second, runner OUT! 5-6
|
Batting: LHB Vincente Sáenz
|
0-0: Ball 1-0: DOUBLE (Line Drive, 78M) Pat Haynes to third
|
Batting: LHB Ron Robinson
|
0-0: Ball Wild Pitch! Pat Haynes scores Vincente Sáenz to third 1-0: SINGLE (Groundball, 34D) Vincente Sáenz scores
|
Pitching: LHP Ian DeMichelis
|
|
Batting: LHB Jacob Wright
|
0-0: Ball 1-0: Ball 2-0: Called Strike 2-1: Foul Ball, location: 2F 2-2: Foul Ball, location: 2F 2-2: Strikes out swinging
|
Batting: SHB Caden Keith
|
0-0: Called Strike 0-1: Ball 1-1: Ball 2-1: Swinging Strike 2-2: Ball 3-2: Base on Balls Ron Robinson to second
|
Batting: RHB Matt Perkins
|
0-0: Called Strike 0-1: SINGLE (Groundball, 4MD) Ron Robinson to third Caden Keith to second Runner from 3rd tries for Home, SAFE, no throw
|
Batting: RHB Gernot Renner
|
0-0: Ball 1-0: Ball 2-0: Ball 3-0: Base on Balls Caden Keith to third Matt Perkins to second
|
Batting: LHB António Glaviz
|
0-0: Ball 1-0: Called Strike 1-1: Foul Ball, location: 2F 1-2: Foul Ball, location: 2F 1-2: Ball 2-2: Ball 3-2: Foul Ball, location: 2F 3-2: SINGLE (Line Drive, 8RS) Caden Keith scores Matt Perkins to third Gernot Renner to second Matt Perkins scores Gernot Renner to third
|
Pinch Hitting: RHB Daryl Floyd
|
0-0: Called Strike 0-1: Called Strike 0-2: Fly out, F7 (Line Drive, 78D)
|
Top of the 9th over - 5 run(s), 5 hit(s), 0 error(s), 2 left on base; Blueville 12 - Indiana 4 |
BOTTOM OF THE 9TH |
Indiana Hounds batting - Pitching for Blueville 83's : RHP Eric Richards
|
Now at 2B: Carlos Carrillo
|
|
Batting: RHB R.J. Parker
|
0-0: Ball 1-0: SINGLE (Groundball, 56D)
|
Batting: RHB Vicente Valentín
|
0-0: Called Strike 0-1: Swinging Strike 0-2: Ball 1-2: Ball 2-2: Strikes out swinging
|
Batting: RHB Danny Walker
|
0-0: SINGLE (Line Drive, 4D) R.J. Parker to second
|
Batting: LHB Junior Coates
|
0-0: Ball 1-0: Ball 2-0: Fielders Choice at 2nd, 4-6 (Groundball, 4) R.J. Parker to third
|
Batting: RHB Jeff Jones
|
0-0: Ball 1-0: DOUBLE (Groundball, 5L) R.J. Parker scores Junior Coates to third Runner from 3rd tries for Home, SAFE, no throw
|
Batting: LHB Pepe Vázquez
|
0-0: Foul Ball, location: 2F 0-1: SINGLE (Line Drive, 8RS) Jeff Jones to third Runner from 3rd tries for Home, SAFE, no throw
|
Pitching: RHP Ernesto Germán
|
|
Batting: RHB Octávio Marín
|
0-0: Ball 1-0: Fly out, F8 (Flyball, 8LD)
|
Bottom of the 9th over - 3 run(s), 4 hit(s), 0 error(s), 1 left on base; Blueville 12 - Indiana 7 |
|